 Dungeon Crawl Stone Soup version 0.30-a0-1103-g25895a7845 (webtiles) character file.

Game seed: 1202890502043574222

96 Orangeyouglad the Conjurer (level 4, -4/30 HPs)
             Began as a Human Wanderer on Apr 19, 2023.
             Constricted to death by Grinder (9 damage)
             ... on level 3 of the Dungeon.
             The game lasted 00:07:46 (2442 turns).

Orangeyouglad the Conjurer (Human Wanderer)         Turns: 2442, Time: 00:07:46

Health: -4/30      AC:  5    Str: 10    XL:     4   Next: 98%
Magic:  6/7        EV:  9    Int: 13    God:
Gold:   150        SH:  0    Dex: 16    Spells: 5/8 levels left

rFire   . . .      SeeInvis .    a - +0 quarterstaff
rCold   + . .      Faith    .    (shield currently unavailable)
rNeg    . . .      Spirit   .    v - +0 leather armour
rPois   .          Reflect  .    b - +0 helmet
rElec   .          Rampage  .    n - +0 cloak
rCorr   .                        (no gloves)
Will    .....                    (no boots)
Stlth   +                        (no amulet)
HPRegen 0.25/turn                k - ring of protection from cold
MPRegen 0.10/turn                (no ring)

@: mighty, grasped by roots, constricted
A: no striking features
a: no special abilities


You were on level 3 of the Dungeon.
You visited 1 branch of the dungeon, and saw 3 of its levels.

You collected 150 gold pieces.

Inventory:

Hand Weapons
 a - a +0 quarterstaff (weapon)
Missiles
 w - a throwing net
Armour
 b - a +0 helmet (worn)
 d - a +0 robe
 n - a +0 cloak (worn)
 v - a +0 leather armour (worn)
Jewellery
 k - a ring of protection from cold (left hand)
 u - a ring of fire
Scrolls
 h - 4 scrolls of identify {unknown}
 j - a scroll of enchant weapon {unknown}
 o - a scroll of poison {unknown}
 r - a scroll of teleportation {unknown}
 t - a scroll of noise {unknown}
Potions
 c - a potion of might
 e - 2 potions of flight {unknown}
 f - a potion of heal wounds {unknown}
 g - a potion of degeneration {unknown}
 i - 4 potions of curing {unknown}
 l - a potion of invisibility {unknown}
 m - 2 potions of haste {unknown}
 p - a potion of ambrosia {unknown}
 q - a potion of brilliance {unknown}
 s - 2 potions of attraction {unknown}


   Skills:
 + Level 2.7 Staves
 + Level 2.0 Dodging
 + Level 0.5 Stealth
 + Level 2.5 Spellcasting
 + Level 4.4 Conjurations
 - Level 1.8 Evocations


You had 5 spell levels left.
You knew the following spells:

 Your Spells              Type           Power      Damage    Failure   Level
a - Foxfire               Conj/Fire      28%        2x1d5     13%         1
b - Searing Ray           Conj           26%        2d5       9%          2

Your spell library contained the following spells:

 Spells                   Type           Power      Damage    Failure   Level
 Kiss of Death            Conj/Necr      28%        2d7       13%         1
 Summon Small Mammal      Summ           4%         N/A       32%         1
 Dazzling Flash           Conj/Hex       14%        N/A       36%         3
 Call Canine Familiar     Summ           1%         N/A       69%         3
 Summon Guardian Golem    Hex/Summ       1%         N/A       69%         3


Dungeon Overview and Level Annotations

Branches:
Dungeon (3/15)

Altars:

Annotations:
D:3 Grinder


Message History

Level annotation: Grinder Grinder shouts!
There is a stone staircase leading up here.
You feel very mighty all of a sudden. Grinder hits you.
You bludgeon Grinder!!
Grinder is heavily wounded.
Grinder hits you!
You thump Grinder!
Grinder is severely wounded.
Grinder says, "Mostly I couldn't keep them alive."
Grinder blinks!
Grinder gestures at you. Pain shoots through your body!
You closely miss Grinder.
Grinder is severely wounded.
Grinder says, "Just stop there for a second..."
Grinder gestures at you. You resist with significant effort.
You sock Grinder!
Grinder is almost dead.
Grinder hits you.
You writhe in agony.
* * * LOW HITPOINT WARNING * * *
You closely miss Grinder.
Grinder is almost dead.
Grinder hits you.
* * * LOW HITPOINT WARNING * * *
You writhe in agony.
* * * LOW HITPOINT WARNING * * *
You completely miss Grinder.
Grinder is almost dead.
Grinder blinks!
Casting: Searing Ray (safe; 9% risk of failure)
Confirm with . or Enter, or press ? or * to list all spells.
You conjure some foxfire!
Grinder zaps a wand.
The roots erupt in riotous growth!
The grasping roots grab you!
Your foxfire is unaffected. x2
The grasping roots constrict you!
You die...

#.#..# ... .... #... #
#.#..# #... ...###..
#.##.#..# #....###.....
#.......#####.#..........
####.......##.#.####.##.#
#.#.....##.#..#.......
#.#........##.#....†..
#.#..v..5..##.#.......
#.#.<@....###.........
#.#..v.......#.##.##.#
#.#.......##.#........
#.#.......##.##.##5#.#
#.......##.##.##....
#.......##.##......5
#.......##.##.####>.
##.#######.##....... #.
......###..


You could see Grinder (ally target).

Vanquished Creatures
  2 gnolls (D:3)
  3 adders
  A worm (D:2)
  2 dart slugs (D:2)
  3 bats
  4 endoplasms (D:1)
  2 giant cockroaches
  6 hobgoblins
  4 quokkas
  2 ball pythons
  A frilled lizard (D:1)
  6 goblins
  5 kobolds
  3 rats
44 creatures vanquished.

Vanquished Creatures (others)
  24 foxfires
24 creatures vanquished.

Grand Total: 68 creatures vanquished

Notes
Turn   | Place    | Note
-------+----------+-------------------------------------------
     0 | D:1      | Orangeyouglad the Human Wanderer began the quest for the
                  | Orb.
     0 | D:1      | Orangeyouglad set off with the following items: a +0
                  | quarterstaff, a +0 helmet, a potion of might, a +0 robe;
                  | and the following spell memorised: Foxfire; and the
                  | following spells available to memorise: Searing Ray,
                  | Dazzling Flash.
     0 | D:1      | Reached XP level 1. HP: 13/13 MP: 3/3
   138 | D:1      | Reached XP level 2. HP: 15/19 MP: 1/5
   248 | D:1      | Learned a level 2 spell: Searing Ray
   648 | D:1      | Reached XP level 3. HP: 22/24 MP: 1/6
  1417 | D:2      | Reached XP level 4. HP: 30/30 MP: 2/7
  1669 | D:2      | Found a faded altar of an unknown god.
  1680 | D:2      | Got Plato's Notes on Bolts
  2181 | D:3      | Noticed Grinder
  2442 | D:3      | Constricted to death by Grinder

Illustrated notes

Levels and vault maps discovered:
D:1:      lemuel_arrival_room, layout_loops_ring, minmay_tetromino_o2
D:2:      layout_loops_ring, shapermc_ecumenical_altar_rom_forum, nicolae_titane
D:3:      layout_basic, uniq_terence, uniq_jessica, uniq_grinder

Skill      XL: |  1  2  3  4 |
---------------+-------------+-----
Dodging        | 2 |  2.0
Staves         | |  2.7
Stealth        | |  0.5
Spellcasting   | |  2.5
Conjurations   | |  4.4
Evocations     | |  1.8

Action                     |  1- 3 |  4- 6 || total
---------------------------+-------+-------++-------
  Melee: Quarterstaff      |    40 |    10 ||    50
   Cast: Foxfire           |     9 |     7 ||    16
         Searing Ray       |    14 |     8 ||    22
    Use: Potion            |       |     1 ||     1
 Armour: Robe              |    25 |     3 ||    28
         Leather armour    |       |     3 ||     3
  Dodge: Dodged            |    43 |     7 ||    50

Table legend: (Time is in decaauts)
 A = Elapsed time spent in this place.
 B = Non-inter-level travel time spent in this place.
 C = Inter-level travel time spent in this place.
 D = Time resting spent in this place.
 E = Time spent auto-exploring this place.
 F = Levels seen in this place.
 G = Mean time per level.
                   A        B        C        D        E       F      G
               +--------+--------+--------+--------+--------+-----+--------+
         Total |   2451 |   2338 |    113 |    188 |   1556 |   3 |  817.0 |
       Dungeon |   2451 |   2338 |    113 |    188 |   1556 |   3 |  817.0 |
               +--------+--------+--------+--------+--------+-----+--------+

Top non-repeatable levels by time:
     D:2: 1116 daAuts
     D:1: 1102 daAuts
     D:3: 231 daAuts
